 Dungeon Sprint DCSS version 0.23-a0-143-g1adec7b (webtiles) character file.

562 Faca the Fighter (level 7, -4/84 HPs)
             Began as a Gargoyle Fighter on Aug 31, 2018.
             Was an Elder of the Shining One.
             Slain by a fire elemental (10 damage)
             ... in the Dungeon (Sprint V: "Ziggurat Sprint").
             The game lasted 00:02:32 (278 turns).

Faca the Fighter (Gargoyle Fighter)                  Turns: 278, Time: 00:02:32

Health: -4/84      AC: 21    Str: 26    XL:     7   Next: 32%
Magic:  7/7        EV:  4    Int: 12    God:    the Shining One [****..]
Gold:   0          SH: 13    Dex: 15    Spells: 6/6 levels left

rFire    . . .     SeeInvis .   p - +5 broad axe
rCold    . . .     Gourm    .   o - +3 shield
rNeg     + + +     Faith    .   m - +5 plate armour
rPois    ∞         Spirit   .   (no helmet)
rElec    +         Reflect  .   (no cloak)
rCorr    .         Harm     .   (no gloves)
MR       ++...     NoTele   +   (no boots)
Stlth    ..........             (no amulet)
HPRegen  0.24/turn              F - +6 ring of dexterity
MPRegen  0.10/turn              a - ring of the Mage {Wiz MR++ Int+3}

@: berserking, glowing, very quick
A: negative energy resistance 1, electricity resistance, unbreathing,
petrification resistance, rot immunity, AC +4
a: Divine Shield, Cleansing Flame, Renounce Religion


You were in the Dungeon.
You worshipped the Shining One.
The Shining One was greatly pleased with you.
You were not hungry.

You visited 1 branch

Inventory:

Hand Weapons
 b - the +9 trident "Dewe" {flame, *Rage Str+4 Int+5}
   (You found it in the Dungeon)

   It has been specially enchanted to burn those struck by it, causing extra
   injury to most foes and up to half again as much damage against particularly
   susceptible opponents.
   It affects your strength (+4).
   It affects your intelligence (+5).
   It may make you go berserk in combat.
 p - a +5 broad axe (weapon)
 q - a +5 demon whip
 L - the +8 lance "Wyrmbane" {slay drac, rPois rF+ rC+ AC+3}
   (You found it in the Dungeon)

   It affects your AC (+3).
   It protects you from fire.
   It protects you from cold.
   It protects you from poison.
Armour
 l - +5 gold dragon scales
 m - a +5 plate armour (worn)
 n - a +3 large shield
 o - a +3 shield (worn)
Jewellery
 a - the ring of the Mage (right hand) {Wiz MR++ Int+3}
   (You found it in the Dungeon)

   [ring of wizardry]

   It improves your spell success rate.
   It affects your intelligence (+3).
   It affects your resistance to hostile enchantments.
 F - a +6 ring of dexterity (left hand)
 K - a +6 ring of strength
Wands
 y - a wand of disintegration (7)
 D - a wand of iceblast (7)
 E - a wand of acid (7)
Scrolls
 k - 4 scrolls of blinking
 s - 7 scrolls of fog
 t - a scroll of holy word
 u - 5 scrolls of identify
 v - 5 scrolls of remove curse
 w - 2 scrolls of fear
Potions
 d - 6 potions of might
 e - 10 potions of curing
 g - 10 potions of heal wounds
 h - 6 potions of haste
 i - 7 potions of magic
 j - a potion of berserk rage
 x - 2 potions of brilliance
 A - 4 potions of resistance
 C - 5 potions of agility
Comestibles
 f - 7 rations


   Skills:
 + Level 12.1 Fighting
 + Level 11.0 Maces & Flails
 + Level 3.8 Armour
 + Level 3.8 Shields


You had 6 spell levels left.
You didn't know any spells.
Your spell library was empty.

Dungeon Overview and Level Annotations

Branches:
Dungeon (1/1)

Altars:
Ashenzari
Cheibriados
Dithmenos
Elyvilon
Fedhas
Gozag
Hepliaklqana
Kikubaaqudgha
Makhleb
Nemelex Xobeh
Okawaru
Qazlal
Ru
Sif Muna
Trog
Uskayaw
Vehumet
Wu Jian
Xom
Yredelemnul
Zin
The Shining One
Beogh
Jiyva
Lugonu

Annotations:
D 1 transporter


Innate Abilities, Weirdness & Mutations

You are resistant to torment.
Your stone body is resilient. (AC +4)
You are immune to poison.
You resist negative energy. (rN+)
You are resistant to electric shocks. (rElec)
You can survive without breathing.
You are immune to petrification.
You are immune to rotting.


Message History

You block the trident of pain's attack.
The deep elf mage points at you and mumbles some strange words.
The lance of force hits you!
You are knocked back by the lance of force.
You slam into the unnaturally hard rock wall!
The fire elemental hits you. The fire elemental burns you!
The trident of pain hits you but does no damage.
You slice the fire elemental!!
The fire elemental is almost destroyed.
You completely miss the deep elf knight.
You slash the deep elf mage!
The deep elf knight hits you but does no damage.
The deep elf mage gestures at you while chanting.
The lance of force hits you!
* * * LOW HITPOINT WARNING * * *
You are knocked back by the lance of force.
You slam into the unnaturally hard rock wall!
* * * LOW HITPOINT WARNING * * *
The fire elemental hits you. The fire elemental burns you!
You die...

▓..©..▓..©..▓▓▓▓▓▓▓
▓▓▓▓▓▓▓▓▓▓▓▓▓▓
▓..8©8...▓
▓..[|)...▓
▓...|....▓
▓........▓
▓..(.....▓
▓.eEe....▓
▓..@©....▓
▓▓▓▓▓▓▓▓▓▓


You could see a deep elf knight, a deep elf mage, a fire elemental and a trident
of pain.

Vanquished Creatures
  2 merfolk (D)
  A crimson imp (D)
  2 orc priests (D)
  An iron imp (D)
  An ufetubus (D)
  2 orcs (D)
9 creatures vanquished.

Notes
Turn   | Place    | Note
-------+----------+-------------------------------------------
     0 | D        | Found the +6 Majin-Bo {vamp, Archmagi MP+6 Int+6}
     0 | D        | Found the +7 great mace "Firestarter" {inner flame, rF++}
     0 | D        | Faca the Gargoyle Fighter began the quest for the Orb.
     0 | D        | Reached XP level 1. HP: 14/14 MP: 1/1
     3 | D        | Found a blossoming altar of Fedhas.
     5 | D        | Found a viscous altar of Jiyva.
     5 | D        | Found a hazy altar of Hepliaklqana.
     5 | D        | Found a transporter.
     5 | D        | Found an opulent altar of Gozag.
     5 | D        | Found an ancient bone altar of Kikubaaqudgha.
     5 | D        | Found a corrupted altar of Lugonu.
    12 | D        | Found a burning altar of Makhleb.
    13 | D        | Found a sacrificial altar of Ru.
    13 | D        | Found a stormy altar of Qazlal.
    13 | D        | Found a deep blue altar of Sif Muna.
    13 | D        | Found an iron altar of Okawaru.
    13 | D        | Found a bloodstained altar of Trog.
    13 | D        | Found a sparkling altar of Nemelex Xobeh.
    30 | D        | Found the +6 shillelagh "Devastator" {shatter}
    30 | D        | Found the +11 plutonium sword {*Contam Stlth-}
    30 | D        | Found the +8 lance "Wyrmbane" {slay drac, rPois rF+ rC+
                  | AC+3}
    30 | D        | Found the +9 sword of Zonguldrok {reap}
    30 | D        | Found the cursed +13 scythe of Curses {drain, *Curse}
    30 | D        | Found the +0 sword of Power
    30 | D        | Found the +7 mace of Variability {chain chaos}
    30 | D        | Found the +7 Singing Sword
    30 | D        | Found the +7 longbow "Piercer" {penet, EV-2}
    41 | D        | Became a worshipper of the Shining One
    43 | D        | Reached skill level 6 in Fighting
    43 | D        | Reached skill level 5 in Maces & Flails
    43 | D        | Reached XP level 2. HP: 23/23 MP: 2/2
    86 | D        | Entered arena 2.
    86 | D        | Noticed a merfolk
    86 | D        | Noticed a merfolk
    86 | D        | Found a transporter.
    87 | D        | Found the ring of the Mage {Wiz MR++ Int+3}
    93 | D        | Killed a merfolk
    93 | D        | Reached skill level 10 in Fighting
    93 | D        | Reached XP level 3. HP: 25/32 MP: 3/3
    93 | D        | Reached XP level 4. HP: 28/37 MP: 4/4
    93 | D        | Reached XP level 5. HP: 32/42 MP: 5/5
    94 | D        | Killed a merfolk
    94 | D        | Reached skill level 11 in Fighting
    94 | D        | Reached skill level 10 in Maces & Flails
    94 | D        | Reached XP level 6. HP: 39/50 MP: 6/6
   238 | D        | Entered arena 3.
   238 | D        | Reached * piety under the Shining One
   238 | D        | Reached ** piety under the Shining One
   238 | D        | Found a transporter.
   243 | D        | Reached XP level 7. HP: 55/55 MP: 7/7
   244 | D        | Reached skill level 12 in Fighting
   251 | D        | Got the ring "Nihaeffo" {rElec rPois rN+}
   257 | D        | Got the +9 trident "Dewe" {flame, *Rage Str+4 Int+5}
   259 | D        | Entered arena 4.
   259 | D        | Reached *** piety under the Shining One
   259 | D        | Found a transporter.
   264 | D        | Reached **** piety under the Shining One
   273 | D        | Entered arena 5.
   273 | D        | Noticed a trident of pain
   273 | D        | Noticed a deep elf mage
   273 | D        | Noticed a deep elf knight
   273 | D        | Noticed a fire elemental
   273 | D        | Found a transporter.
   278 | D        | Slain by a fire elemental

Vault maps used:
D:        sprint_v

Skill      XL: |  1  2  3  4  5  6  7 |
---------------+----------------------+-----
Fighting       | 6 10 11 12 | 12.1
Maces & Flails | 5 9 10 11 | 11.0
Armour         | |  3.8
Shields        | |  3.8

Action                   |  1- 3 |  4- 6 |  7- 9 || total
-------------------------+-------+-------+-------++-------
Melee: Broad axe         |     5 |     4 |     7 ||    16
  Use: Potion            |     2 |       |     1 ||     3
Armor: Plate armour      |     3 |     5 |    15 ||    23
Dodge: Dodged            |     1 |     1 |     1 ||     3
Block: Shield            |     4 |     3 |     6 ||    13

Table legend:
 A = Non-vault XP
 B = Vault XP
 C = Vault XP percentage of total XP
 D = Non-vault monster count
 E = Vault monster count
 F = Vault count percentage of total count
                 A         B        C        D         E       F
            +---------+---------+-------+---------+---------+-------
      Total |       0 |     794 | 100.0 |       0 |       9 | 100.0
            +---------+---------+-------+---------+---------+-------
          D |       0 |     794 | 100.0 |       0 |       9 | 100.0
            +---------+---------+-------+---------+---------+-------
